 Dungeon Crawl Stone Soup version 0.22.1-1-ga44c0e5 (webtiles) character file.

45 Lavandula the Chopper (level 3, -1/31 HPs)
             Began as a Centaur Berserker on Oct 24, 2018.
             Was a Follower of Trog.
             Killed from afar by a dart slug (5 damage)
             ... with a slug dart
             ... on level 2 of the Dungeon.
             The game lasted 00:02:58 (473 turns).

Lavandula the Chopper (Centaur Berserker)            Turns: 473, Time: 00:02:59

Health: -1/31      AC:  4    Str: 20    XL:     3   Next: 42%
Magic:  3/3        EV:  9    Int:  6    God:    Trog [*.....]
Gold:   71         SH:  0    Dex:  8    Spells: 2/2 levels left

rFire    . . .     SeeInvis .   a - +0 hand axe
rCold    . . .     Gourm    .   (no shield)
rNeg     . . .     Faith    .   b - +0 animal skin
rPois    .         Spirit   .   (no helmet)
rElec    .         Reflect  .   (no cloak)
rCorr    .         Harm     .   (no gloves)
MR       ++...                  (no barding)
Stlth    +.........             (no amulet)
HPRegen  1.10/turn              (no ring)
MPRegen  0.08/turn              (no ring)

@: lethally poisoned (-1 -> -1), berserk cooldown, regenerating, very quick
A: large, hooves 3, deformed body, speed 2, tough skin 3
a: Berserk, Renounce Religion


You were on level 2 of the Dungeon.
You worshipped Trog.
Trog was aware of your devotion.
You were not hungry.

You visited 1 branch of the dungeon, and saw 2 of its levels.

You collected 71 gold pieces.

Inventory:

Hand Weapons
 a - a +0 hand axe (weapon)
 g - a +0 hunting sling
Missiles
 e - 16 poisoned needles
Armour
 b - a +0 animal skin (worn)
Scrolls
 d - a scroll of magic mapping {unknown}
 f - 2 scrolls of identify {unknown}
 h - a scroll of teleportation {unknown}
 i - a scroll of blinking {unknown}
 j - a scroll of remove curse {unknown}
Potions
 k - 2 potions of might {unknown}
Comestibles
 c - a ration


   Skills:
 - Level 3.0 Fighting
 + Level 4.1 Axes
 - Level 1.3 Armour
 - Level 1.3 Dodging


You had 2 spell levels left.
You didn't know any spells.
Your spell library was empty.

Dungeon Overview and Level Annotations

Branches:
Dungeon (2/15)

Altars:

Annotations:
D:2 Natasha


Innate Abilities, Weirdness & Mutations

You have hooves in place of feet.
Armour fits poorly on your strangely shaped body.
You cover ground very quickly.
You have extremely tough skin. (AC +3)


Message History

Deactivating autopickup; reactivate with Ctrl-A.
The bat moves out of view.
Found six items.
Your skin crawls.
You feel resistant to hostile enchantments.
You feel somewhat more hungry.
You can no longer call upon Trog for regeneration and magic resistance.
The bat completely misses you. The bat closely misses you.
The kobold hits you but does no damage.
A frilled lizard comes into view.
The bat hits you but does no damage.
You feel yourself speed up. The bat hits you but does no damage.
You hear a zap.
A puff of flame appears from out of thin air!
The puff of flame hits you!
* * * LOW HITPOINT WARNING * * *
The dart slug launches a dart at you. The slug dart hits you!
You die...

######.#
#......#
#).....#
###......
).≈≈.....
.≈≈.....##
l≈....SK@##.#.#
≈≈.≈o..b.w....!#
≈≈.≈.?....#.#.##
≈≈≈≈......# #
≈≈......l..#
≈≈.≈.........
≈≈.≈..........
≈≈≈≈[..........
≈≈≈.####......#


You could see an adder, a dart slug, an orc, a leopard gecko, a bat and a
kobold.

Vanquished Creatures
  3 adders (D:2)
  A leopard gecko (D:1)
  A ball python (D:1)
  A bat (D:1)
  A giant cockroach (D:1)
  A hobgoblin (D:2)
  3 jackals (D:1)
  A kobold (D:1)
  3 frilled lizards
  4 rats
19 creatures vanquished.

Notes
Turn   | Place    | Note
-------+----------+-------------------------------------------
     0 | D:1      | Lavandula the Centaur Berserker began the quest for the
                  | Orb.
     0 | D:1      | Reached XP level 1. HP: 19/19 MP: 1/1
   138 | D:1      | Reached skill level 3 in Axes
   169 | D:1      | Reached XP level 2. HP: 26/26 MP: 2/2
   422 | D:2      | Reached skill level 4 in Axes
   422 | D:2      | Reached XP level 3. HP: 31/31 MP: 3/3
   426 | D:2      | Reached ** piety under Trog
   471 | D:2      | Noticed Natasha
   473 | D:2      | Killed from afar by a dart slug

Skill      XL: |  1  2 |
---------------+-------+-----
Axes           | 3 4 |  4.1
Fighting       | |  3.0
Armour         | |  1.3
Dodging        | |  1.3

Action                   || total
-------------------------++-------
Melee: Hand axe          ||    53
       Kick              ||    14
Invok: Berserk           ||     1
       Trog's Hand       ||     1
Armor: Animal skin       ||    20
Dodge: Dodged            ||    22
